 Dungeon Crawl Stone Soup version 0.26-a0-651-gb41185065b (webtiles) character file.

Game seed: 14716930042339349264

546 Irenicus the Geomancer (level 7, -3/55 HPs)
             Began as a Deep Dwarf Earth Elementalist on Oct 14, 2020.
             Was an Initiate of Makhleb.
             Killed from afar by a white imp (4 damage)
             ... with a puff of frost
             ... on level 5 of the Dungeon.
             The game lasted 00:12:53 (2248 turns).

Irenicus the Geomancer (DDEE)                       Turns: 2248, Time: 00:12:53

Health: -3/55      AC:  7    Str: 12    XL:     7   Next: 6%
Magic:  8/9        EV: 12    Int: 17    God:    Makhleb [......]
Gold:   322        SH:  0    Dex: 13    Spells: 6/9 levels left

rFire    . . .     SeeInvis .   r - +1 falchion (holy)
rCold    . . .     Faith    .   (no shield)
rNeg     . . .     Spirit   .   g - +0 leather armour
rPois    .         Reflect  .   l - +0 helmet
rElec    .         Harm     .   d - +0 cloak
rCorr    .         Rampage  .   (no gloves)
MR       +....                  f - +1 pair of boots
Stlth    ++........             (no amulet)
HPRegen  0.00/turn              c - ring of wizardry {Wiz+, !d}
MPRegen  0.11/turn              (no ring)

@: brilliant, berserk cooldown, non-regenerating
A: damage resistance, heal wounds, sense surroundings 1, no regeneration
a: Heal Wounds, Renounce Religion


You were on level 5 of the Dungeon.
You worshipped Makhleb.
Makhleb was noncommittal.
You visited 2 branches of the dungeon, and saw 6 of its levels.

You collected 322 gold pieces.

Inventory:

Hand Weapons
 a - a +0 dagger
   (You found it on level 1 of the Dungeon)
 r - a +1 falchion of holy wrath (weapon)
   (You took it off an orc on level 3 of the Dungeon)
Missiles
 b - 101 stones (quivered)
 e - a throwing net {=f, !d}
Armour
 d - a +0 cloak (worn)
   (You found it on level 1 of the Dungeon)
 f - a +1 pair of boots (worn)
   (You found it on level 1 of the Dungeon)
 g - a +0 leather armour (worn)
   (You found it on level 2 of the Dungeon)
 l - a +0 helmet (worn)
   (You found it on level 2 of the Dungeon)
 v - the +1 robe of Integrity {rElec rPois}
   (You found it on level 4 of the Dungeon)

   It insulates you from electricity.
   It protects you from poison.
Jewellery
 c - a ring of wizardry (left hand) {Wiz+, !d}
   (You found it on level 2 of the Dungeon)
Scrolls
 j - a scroll of amnesia {unknown}
 o - a scroll of enchant armour
 p - a scroll of identify
 q - a scroll of remove curse
 s - a scroll of teleportation
 u - a scroll of enchant weapon {unknown}
Potions
 h - a potion of lignification {!q}
 i - a potion of berserk rage {!q}
 k - a potion of curing
 m - a potion of flight
 n - 2 potions of magic
 t - a potion of mutation {!q}


   Skills:
 - Level 2.1 Dodging
 - Level 2.4 Stealth
 - Level 1.7 Spellcasting
 - Level 0.8 Transmutations
 + Level 10.5 Earth Magic


You had 6 spell levels left.
You knew the following spells:

 Your Spells              Type           Power        Failure   Level
a - Sandblast             Erth           ######       1%          1
w - Passwall              Tmut/Erth      ####....     1%          2

Your spell library contained the following spells:

 Spells                   Type           Power        Failure   Level
 Stone Arrow              Conj/Erth      ####..       3%          3
 Lee's Rapid Deconstruct  Erth           ######....   3%          5
 Petrify                  Tmut/Erth      ####....     10%         4


Dungeon Overview and Level Annotations

Branches:
Dungeon (5/15)             Temple (1/1) D:5

Altars:
Cheibriados
Dithmenos
Elyvilon
Gozag
Kikubaaqudgha
Makhleb
Nemelex Xobeh
Qazlal
Ru
Sif Muna
Trog
Uskayaw
Vehumet
Wu Jian
Yredelemnul
Zin
The Shining One


Innate Abilities, Weirdness & Mutations

You are resistant to damage.
You can heal yourself by infusing magical energy.
You passively map a small area around you.
You do not regenerate.


Message History

The gnoll barely misses you.
You riposte.
You hit the gnoll.
The gnoll is heavily wounded.
You take 2 damage, and have 13/49 hp.
You closely miss the gnoll.
The gnoll is heavily wounded.
The gnoll hits you but does no damage. The gnoll completely misses you.
You riposte.
You hit the gnoll but do no damage.
The gnoll is heavily wounded.
Okay, then.
Unknown command.
Welcome back, Irenicus the Deep Dwarf Earth Elementalist.
Blood and souls for Makhleb!
Press ? for a list of commands and other information.
Really quaff
i - 2 potions of berserk rage {!q}?
A red film seems to cover your vision as you go berserk!
You feel yourself moving faster!
You feel mighty! The gnoll closely misses you.
You now have 20/73 hp.
You slash the gnoll!
You kill the gnoll!
Makhleb accepts your kill. The gnoll misses you.
The worker ant completely misses you.
You riposte.
You barely miss the worker ant. You slash the gnoll!
The gnoll is almost dead.
The gnoll barely misses you.
You riposte.
You slash the gnoll!
You kill the gnoll!
Makhleb accepts your kill.
You have reached level 7!
The worker ant closely misses you.
You riposte.
You barely miss the worker ant.
You regained 3 hp, and now have 23/82 hp.
You closely miss the worker ant.
The worker ant bites you but does no damage.
You closely miss the worker ant. The worker ant bites you.
* * * LOW HITPOINT WARNING * * *
You take 4 damage, and have 19/82 hp.
You closely miss the worker ant. The worker ant closely misses you.
You barely miss the worker ant. The worker ant bites you.
* * * LOW HITPOINT WARNING * * *
You take 2 damage, and have 17/82 hp.
You completely miss the worker ant. The worker ant closely misses you.
You hit the worker ant.
The worker ant is moderately wounded.
The worker ant bites you.
* * * LOW HITPOINT WARNING * * *
You take 4 damage, and have 13/82 hp.
You closely miss the worker ant.
The worker ant is moderately wounded.
The worker ant bites you.
* * * LOW HITPOINT WARNING * * *
You take 1 damage, and have 12/82 hp.
You hit the worker ant.
The worker ant is severely wounded.
The worker ant bites you.
* * * LOW HITPOINT WARNING * * *
You are poisoned.
The worker ant poisons you!
You take 2 damage, and have 10/82 hp.
You hit the worker ant.
The worker ant is severely wounded.
The worker ant closely misses you.
You slash the worker ant!
You kill the worker ant!
Makhleb accepts your kill.
b - 95 stones (gained 6);
w - a silvery potion
Items here: )) †††.
You feel a strong urge to attack something.
You now have 322 gold pieces (gained 10).
Things that are here:
a +0 club; a gnoll corpse You are no longer berserk.
You are exhausted.
You feel yourself slow down.
You now have 6/55 hp.
b - 97 stones (gained 2)
Things that are here:
a +0 robe; a +0 club
b - 98 stones (gained 1)
b - 99 stones (gained 1)
b - 101 stones (gained 2)
Things that are here:
a +0 club; a gnoll corpse You are no longer poisoned.
Items here: )) †††.
Items here: )) †††.
You feel yourself speed up.
An adder comes into view.
A white imp comes into view.
The white imp shouts!
The white imp gestures at you. The puff of frost hits you!
* * * LOW HITPOINT WARNING * * *
You take 5 damage, and have 1/55 hp.
It was a potion of brilliance.
You feel clever all of a sudden.
The adder hisses angrily.
Okay, then.
You fail to use your ability.
The white imp gestures at you. The puff of frost hits you.
You die...

## #...#
......
#..#####..##
.....
*#....#...# ##
, ..!.
*#....##
##..., ...
####.#####....
.. ##.#....#*
. ##....# ,
##....##
*#...@..#
#.......#
*#...##....# *
....# #.S...#
.... *#....5#*
* ,...
.......# , . ,
.....#..#* , ,
.....##..* , *
*


You could see an adder and a white imp.

Vanquished Creatures
  A howler monkey (D:4)
  A hound (D:5)
  An orc priest (D:3)
  A gnoll shaman (D:5)
  An iguana (D:4)
  5 worker ants
  8 gnolls
  6 adders
  An ooze (D:1)
  4 worms
  3 dart slugs
  5 leopard geckos
  8 orcs
  3 ball pythons
  15 bats
  2 giant cockroaches (D:3)
  7 hobgoblins
  21 jackals
  A quokka (D:3)
  3 frilled lizards
  7 goblins
  6 kobolds
  A quokka zombie (D:5)
  5 rats
116 creatures vanquished.

Vanquished Creatures (others)
  4 plants (D:3)
4 creatures vanquished.

Grand Total: 120 creatures vanquished

Notes
Turn   | Place    | Note
-------+----------+-------------------------------------------
     0 | D:1      | Irenicus the Deep Dwarf Earth Elementalist began the quest
                  | for the Orb.
     0 | D:1      | Reached XP level 1. HP: 15/15 MP: 3/3
   205 | D:1      | Reached XP level 2. HP: 22/22 MP: 0/4
   303 | D:1      | Reached skill level 5 in Earth Magic
   470 | D:1      | Reached XP level 3. HP: 19/28 MP: 0/5
   600 | D:2      | Reached skill level 6 in Earth Magic
   647 | D:2      | Found a sparkling altar of Nemelex Xobeh.
   647 | D:2      | Found a glowing golden altar of the Shining One.
   812 | D:2      | Reached XP level 4. HP: 18/36 MP: 2/6
  1054 | D:3      | Reached skill level 7 in Earth Magic
  1123 | D:3      | Reached XP level 5. HP: 15/42 MP: 0/7
  1182 | D:3      | Reached skill level 8 in Earth Magic
  1372 | D:3      | Learned a level 2 spell: Passwall
  1455 | D:3      | HP: 5/42 [goblin/stone (6)]
  1587 | D:4      | Reached skill level 9 in Earth Magic
  1587 | D:4      | Reached XP level 6. HP: 6/49 MP: 1/8
  1594 | D:4      | HP: 4/49 [jackal (2)]
  1697 | D:4      | Got a slimy robe
  1708 | D:4      | Identified the cursed +1 robe of Integrity {rElec rPois}
                  | (You found it on level 4 of the Dungeon)
  1871 | D:4      | HP: 1/49 [adder (3)]
  1928 | D:5      | Entered Level 5 of the Dungeon
  1969 | D:5      | Found a staircase to the Ecumenical Temple.
  1979 | Temple   | Entered the Ecumenical Temple
  2082 | Temple   | Became a worshipper of Makhleb the Destroyer
  2160 | D:5      | Reached skill level 10 in Earth Magic
  2192 | D:5      | Reached XP level 7. HP: 23/55 MP: 1/9
  2194 | D:5      | HP: 19/82 [worker ant (4)]
  2199 | D:5      | HP: 12/82 [worker ant (1)]
  2246 | D:5      | HP: 1/55 [white imp/puff of frost (5)]
  2248 | D:5      | Killed from afar by a white imp

Illustrated notes

Levels and vault maps discovered:
D:1:      ebering_hopf_link, layout_basic, glass_columns_c
D:2:      layout_rooms, chequers_temple_overflow_statue_of_worship,
          corexii_leaking_fountain, kennysheep_generic_room_2
D:3:      layout_basic, serial_forest, infiniplex_forest_end_1,
          infiniplex_forest_lined_4_way, infiniplex_forest_straight_2,
          infiniplex_forest_straight_3, infiniplex_forest_clump_diagonal,
          infiniplex_forest_zigzag_1, infiniplex_forest_join,
          infiniplex_forest_pool, infiniplex_forest_clump_tiny
D:4:      layout_gridville
D:5:      layout_cave_pods, old_standard_altar, minmay_temple_entry_junction_2
Temple:   bh_familiar_temple

Skill      XL: |  1  2  3  4  5  6 |
---------------+-------------------+-----
Earth Magic    | 5 6 7 9 10 | 10.5
Dodging        | |  2.1
Stealth        | |  2.4
Spellcasting   | |  1.7
Transmutations | |  0.8

Action                   |  1- 3 |  4- 6 |  7- 9 || total
-------------------------+-------+-------+-------++-------
Melee: Dagger            |    65 |    12 |       ||    77
       Falchion          |       |    32 |    10 ||    42
 Cast: Sandblast         |    48 |    89 |       ||   137
       Passwall          |       |    10 |       ||    10
 Abil: Heal Wounds       |       |     1 |       ||     1
  Use: Scroll            |     4 |     7 |       ||    11
       Potion            |     1 |     4 |     1 ||     6
 Stab: Sleeping          |     1 |     1 |       ||     2
Armor: Robe              |    22 |       |       ||    22
       Skin              |    20 |       |       ||    20
       Leather armour    |     9 |    37 |     1 ||    47
Dodge: Dodged            |    51 |    82 |     4 ||   137
       Rpst.: Falchion   |       |    22 |     1 ||    23

Table legend: (Time is in decaauts)
 A = Elapsed time spent in this place.
 B = Non-inter-level travel time spent in this place.
 C = Inter-level travel time spent in this place.
 D = Time resting spent in this place.
 E = Time spent auto-exploring this place.
 F = Levels seen in this place.
 G = Mean time per level.
                   A        B        C        D        E       F      G
               +--------+--------+--------+--------+--------+-----+--------+
         Total |   2268 |   2227 |     41 |     25 |      0 |   6 |  378.0 |
       Dungeon |   2139 |   2114 |     25 |     25 |      0 |   5 |  427.8 |
        Temple |    128 |    112 |     16 |      0 |      0 |   1 |  128.0 |
               +--------+--------+--------+--------+--------+-----+--------+

Top non-repeatable levels by time:
     D:3: 588 daAuts
     D:1: 588 daAuts
     D:4: 379 daAuts
     D:2: 376 daAuts
     D:5: 206 daAuts
  Temple: 128 daAuts

Table legend:
 A = Kills in this place as a percentage of kills in entire the game.
 B = Kills by you in this place as a percentage of kills by you in the entire game.
 C = Kills by friends in this place as a percentage of kills by friends in the entire game.
 D = Other kills in this place as a percentage of other kills in the entire game.
 E = Experience gained in this place as a percentage of experience gained in the entire game.
 F = Experience gained in this place divided by the number of levels of this place that you have seen.
                   A       B       C       D       E      F
               +-------+-------+-------+-------+-------+----------------------
         Total | 100.0 | 100.0 |   N/A |   N/A | 100.0 | 130.0
       Dungeon | 100.0 | 100.0 |   N/A |   N/A | 100.0 | 156.0
               +-------+-------+-------+-------+-------+----------------------
